Map: Galactic Process LE

Players

Elazer - Winner!

  • Race: Zerg Zerg

PtitDrogo

  • Race: Protoss Protoss

Event: 2016 WCS Summer Circuit Championship (DH Montreal)

VOD

Have the link to the VOD?

Description

Time

  • Played on: Aug. 13, 2016, 2:15 p.m.
  • Length: 8:59

All games in this series

Show
View Real Time Build Order
Export as new Build Order

Elazer Zerg - Winner!

Build Orders: Hatch First 

Get SALT Encoding   

  12  0:00  Drone  
  13  0:12  Overlord  
  13  0:17  Drone  
  14  0:30  Drone  
  14  0:31  Drone  
  14  0:34  Drone  
  17  0:52  Hatchery  
  17  0:55  Drone  
  17  0:58  Drone  
  18  1:08  Extractor  
  17  1:12  Spawning Pool  
  17  1:16  Drone  
  17  1:19  Drone  
  18  1:27  Drone  
  19  1:39  Overlord  
  19  1:51  Drone  
  20  1:59  Queen  
  20  2:00  Drone  
  23  2:03  Queen  
  23  2:04  Zergling x2  
  23  2:07  Metabolic Boost  
  26  2:10  Drone  
  26  2:15  Drone  
  28  2:22  Drone  
  29  2:31  Hatchery  
  29  2:35  Drone  
  29  2:36  Drone  
  30  2:43  Queen  
  32  2:46  Zergling x2  
  32  2:48  Zergling x2  
  34  2:56  Overlord  
  34  2:57  Drone  
  34  2:58  Drone  
  35  3:06  Drone  
  36  3:14  Drone x3  
  36  3:15  Drone x2  
  36  3:16  Drone  
  36  3:18  Queen  
  44  3:21  Overlord  
  44  3:36  Overlord  
  44  3:40  Drone x5  
  44  3:41  Drone  
  50  3:47  Overlord  
  50  3:55  Extractor  
  50  3:57  Roach Warren  
  50  3:58  Drone x4  
  50  3:59  Drone x2  
  50  4:01  Drone, Extractor  
  54  4:04  Drone  
  55  4:10  Overlord  
  55  4:19  Overlord  
  55  4:21  Drone  
  56  4:26  Drone, Spine Crawler  
  56  4:30  Zergling x8  
  60  4:36  Roach x2  
  60  4:37  Roach x5  
  74  4:40  Lair  
  74  4:43  Roach  
  76  4:46  Overlord  
  76  4:47  Drone  
  76  4:50  Drone  
  76  4:51  Drone x2  
  80  4:53  Drone  
  80  4:55  Drone  
  82  5:01  Overlord  
  82  5:03  Extractor  
  82  5:04  Drone  
  82  5:06  Drone x4  
  86  5:08  Evolution Chamber  
  86  5:09  Drone x2  
  86  5:13  Drone  
  87  5:19  Overlord  
  86  5:23  Overlord  
  86  5:26  Drone x4  
  90  5:34  Zerg Missile Weapons Level 1  
  89  5:35  Drone x2  
  89  5:36  Drone  
  89  5:38  Overlord  
  89  5:40  Drone x2  
  89  5:42  Drone x2, Extractor  
  95  5:43  Baneling Nest  
  95  5:45  Overlord  
  93  5:51  Drone  
  93  5:53  Glial Reconstitution  
  93  5:55  Overlord  
  94  5:58  Hatchery, Roach x2  
  94  6:01  Roach  
  99  6:05  Overlord  
  99  6:10  Overlord  
  99  6:13  Roach x4  
  106  6:18  Spire  
  106  6:19  Drone  
  106  6:20  Extractor  
  106  6:21  Drone x3  
  106  6:24  Overlord  
  108  6:26  Centrifical Hooks  
  108  6:28  Zergling x4  
  110  6:33  Zergling x10  
  113  6:42  Overlord  
  113  6:45  Roach x2, Zergling x2  
  113  6:46  Zergling x4  
  120  6:50  Ravager x5  
  120  6:51  Ravager x2  
  120  6:52  Zergling x12  
  133  6:56  Zergling x4  
  135  7:06  Zergling x4  
  135  7:07  Ravager  
  135  7:08  Baneling, Ravager  
  139  7:09  Baneling x5  
  139  7:10  Zergling x6  
  139  7:14  Zergling x8  
  146  7:17  Baneling  
  146  7:28  Zergling x12  
  146  7:29  Baneling x2  
  152  7:30  Baneling x11  
  152  7:34  Zergling x12  
  158  7:40  Zergling x2  
  149  7:58  Zergling x8  
  133  8:03  Roach x6  
  136  8:08  Zergling x2  
  136  8:09  Zergling x12  
  140  8:16  Zergling x14  
  140  8:18  Ravager  
  140  8:20  Ravager  
  140  8:21  Ravager  
  140  8:25  Zergling x8  
  136  8:29  Ravager  
  136  8:36  Zergling x12  
  136  8:41  Zergling x6  
Show
View Real Time Build Order
Export as new Build Order

PtitDrogo Protoss 

Build Orders: 1 Gate Expand, Zealot Archon 

Get SALT Encoding   

  12  0:01  Probe (Chrono Boost)  
  13  0:11  Probe (Chrono Boost)  
  14  0:17  Pylon  
  14  0:22  Probe (Chrono Boost)  
  16  0:35  Probe (Chrono Boost)  
  16  0:37  Gateway  
  16  0:46  Probe (Chrono Boost)  
  16  0:47  Assimilator  
  17  0:56  Probe (Chrono Boost)  
  18  1:07  Probe (Chrono Boost)  
  19  1:21  Nexus  
  19  1:23  Probe (Chrono Boost)  
  20  1:33  Cybernetics Core  
  20  1:36  Probe (Chrono Boost)  
  21  1:41  Assimilator  
  21  1:47  Probe (Chrono Boost)  
  21  1:51  Pylon  
  22  1:57  Probe (Chrono Boost)  
  23  2:02  Warp Gate  
  23  2:06  Adept  
  23  2:11  Probe (Chrono Boost)  
  27  2:23  Probe (Chrono Boost)  
  27  2:28  Twilight Council  
  27  2:33  Probe (Chrono Boost)  
  27  2:35  Probe (Chrono Boost), Stalker  
  29  2:44  Probe (Chrono Boost)  
  32  2:47  Probe (Chrono Boost)  
  33  2:51  Resonating Glaives  
  33  2:54  Probe (Chrono Boost)  
  35  2:59  Probe (Chrono Boost)  
  36  3:06  Probe (Chrono Boost)  
  36  3:11  Probe (Chrono Boost)  
  37  3:18  Probe (Chrono Boost), Gateway  
  37  3:19  Gateway  
  38  3:23  Robotics Facility  
  38  3:31  Probe x2 (Chrono Boost)  
  40  3:37  Pylon  
  40  3:39  Pylon  
  41  3:43  Probe x2 (Chrono Boost)  
  42  3:55  Probe (Chrono Boost)  
  45  3:57  Mothership Core (Chrono Boost)  
  45  4:06  Warp Prism  
  45  4:07  Probe (Chrono Boost)  
  45  4:09  Adept  
  48  4:16  Probe (Chrono Boost)  
  51  4:17  Adept x2  
  51  4:19  Probe (Chrono Boost)  
  56  4:27  Nexus  
  56  4:28  Probe (Chrono Boost), Pylon  
  56  4:30  Adept  
  60  4:31  Probe (Chrono Boost)  
  60  4:34  Pylon  
  60  4:41  Probe (Chrono Boost)  
  60  4:43  Probe (Chrono Boost)  
  62  4:49  Immortal  
  63  4:53  Probe (Chrono Boost)  
  63  4:54  Assimilator x2  
  63  4:55  Probe (Chrono Boost)  
  68  5:05  Probe (Chrono Boost)  
  68  5:06  Sentry x3  
  75  5:09  Probe (Chrono Boost)  
  76  5:17  Probe (Chrono Boost)  
  76  5:22  Probe (Chrono Boost)  
  76  5:24  Forge  
  77  5:29  Probe (Chrono Boost)  
  77  5:34  Immortal  
  75  5:39  Probe (Chrono Boost)  
  75  5:41  Probe (Chrono Boost), Charge  
  73  5:45  Adept x3  
  79  5:50  Protoss Ground Weapons Level 1, Gateway, Phoenix  
  79  5:51  Gateway  
  79  5:53  Gateway  
  82  5:57  Probe (Chrono Boost)  
  82  5:58  Probe x2 (Chrono Boost)  
  81  6:06  Pylon  
  81  6:09  Probe (Chrono Boost)  
  81  6:10  Probe x2 (Chrono Boost)  
  84  6:11  Pylon  
  84  6:16  Assimilator  
  84  6:18  Assimilator  
  84  6:19  Observer  
  84  6:21  Probe (Chrono Boost)  
  84  6:22  Probe (Chrono Boost)  
  84  6:23  Probe (Chrono Boost)  
  88  6:33  Probe (Chrono Boost)  
  88  6:36  Probe (Chrono Boost)  
  88  6:38  Immortal  
  89  6:40  Probe (Chrono Boost), Gateway  
  89  6:42  Gateway  
  89  6:44  Gateway  
  89  6:45  Probe (Chrono Boost)  
  89  6:46  Gateway  
  95  6:48  Probe (Chrono Boost)  
  95  6:51  Templar Archives  
  95  6:52  Pylon  
  95  6:54  Pylon  
  95  6:56  Pylon  
  95  6:59  Zealot  
  95  7:00  Zealot  
  99  7:05  Zealot  
  101  7:11  Pylon  
  101  7:17  Zealot x3, Immortal  
  111  7:25  Zealot x2  
  115  7:34  Pylon  
  115  7:35  Photon Cannon  
  115  7:36  Pylon  
  115  7:39  High Templar x4  
  115  7:40  High Templar  
  125  7:45  Archon x2  
  125  7:48  Zealot  
  121  7:52  Zealot x4  
  91  8:10  Zealot  
  91  8:11  Zealot  
  91  8:12  Zealot x5  
  93  8:13  Zealot x3  
  81  8:22  Mothership Core (Chrono Boost)  
  77  8:33  High Templar x4  
  83  8:34  Zealot x5  
  83  8:37  Archon x2  
  91  8:41  Pylon  
  91  8:45  Zealot  
Tags
 
Add a new tag
Caveats
  • Supply blocks, unpowered buildings, or Contaminate may cause inaccurate times.
  • Supply counts are checked every 10 seconds.